 Dungeon Crawl Stone Soup version 0.29-a0-1027-gcd8c55af63 (webtiles) character file.

Game seed: 11531686157749238956

37961 Newt the Fighter (level 13, -22/75 HPs)
             Began as a Demonspawn Artificer on Aug 12, 2022.
             Was a Priest of Dithmenos.
             Killed from afar by a lich (26 damage)
             ... with a bolt of cold
             ... on level 3 of the Abyss.
             The game lasted 01:05:16 (19537 turns).

Newt the Fighter (Demonspawn Artificer)            Turns: 19537, Time: 01:05:17

Health: -22/75     AC: 16    Str: 19      XL:     13   Next: 61%
Magic:  0/9        EV:  8    Int:  9      God:    Dithmenos [***...]
Gold:   322        SH:  0    Dex: 13 (14) Spells: 12/12 levels left

rFire   . . .      SeeInvis .   J - +5 battleaxe (vorpal)
rCold   . . .      Faith    .   (shield currently unavailable)
rNeg    + . .      Spirit   +   F - +3 plate armour
rPois   +          Reflect  .   Q - -1 helmet of Forking Paths {rF- rN+ Dex+4}
rElec   .          Harm     .   P - +1 cloak {rPois}
rCorr   .          Rampage  .   (no gloves)
Will    .....                   y - +1 pair of boots
Stlth   ..........              t - amulet of guardian spirit
HPRegen 0.22/turn               h - +6 ring of strength
MPRegen 0.11/turn               N - ring of fire

@: wreathed by umbra, unable to drink
A: claws 2, rugged brown scales 1, demonic guardian 2, ignite blood 2, cold
resistance 1, MP-powered wands, [clumsy 2], [deformed body], [deterioration 2],
[dopey 2], frail 1[+2], [low MP 3], [screaming 2], ([teleportitis 2]), [weak 2],
[subdued magic 3], [inability to drink while threatened 2]
a: Renounce Religion, Shadow Step


You were on level 3 of the Abyss.
You worshipped Dithmenos.
Dithmenos was most pleased with you.
You visited 3 branches of the dungeon, and saw 17 of its levels.
You visited the Abyss 2 times.
You also visited: Sewer.

You collected 1855 gold pieces.
You spent 1533 gold pieces at shops.

Inventory:

Hand Weapons
 a - a +1 club of draining
 c - a +2 short sword of flaming
 e - a +3 dagger
 k - the +6 dagger "Pimor" {speed, *Corrode Fly rElec Dex+4}
   (You found it on level 2 of the Dungeon)

   Attacks with this weapon are significantly faster.
   Dex:       It affects your dexterity (+4).
   rElec:     It insulates you from electricity.
   Fly:       It grants you flight.
   *Corrode:  It may corrode you when you take damage.
 m - a +2 dagger of holy wrath
 z - a +0 giant club
 I - a +0 great sword
 J - a +5 vorpal battleaxe (weapon)
Armour
 b - a +0 leather armour
 g - a +1 cloak
 j - a +2 helmet
 l - a +0 ring mail
 q - the +0 ring mail of Eqerrien {rCorr}
   (You found it on level 11 of the Dungeon)

   rCorr:     It protects you from acid and corrosion.
 y - a +1 pair of boots (worn)
 E - a +0 troll leather armour
 F - a +3 plate armour (worn)
 P - a +1 cloak of poison resistance (worn)
 Q - the -1 helmet of Forking Paths (worn) {rF- rN+ Dex+4}
   (You bought it in a shop on level 2 of the Orcish Mines)

   Dex:       It affects your dexterity (+4).
   rF:        It makes you vulnerable to fire.
   rN:        It protects you from negative energy.
 R - the +0 chain mail "Leilu" {rElec}
   (You bought it in a shop on level 2 of the Orcish Mines)

   rElec:     It insulates you from electricity.
Jewellery
 h - a +6 ring of strength (left claw)
 t - an amulet of guardian spirit (around neck)
 H - a ring of resist corrosion
 N - a ring of fire (right claw)
 S - an amulet of magic regeneration
Wands
 d - a wand of charming (4)
 K - a wand of flame (1) (quivered)
 T - a wand of polymorph (2)
 U - a wand of quicksilver (6)
Scrolls
 o - 8 scrolls of immolation
 r - a scroll of fog
 v - 2 scrolls of fear
 C - 3 scrolls of magic mapping
 O - 4 scrolls of identify
Potions
 f - 3 potions of flight
 i - 7 potions of brilliance
 n - a potion of curing
 p - 3 potions of magic
 s - 2 potions of might
 u - 4 potions of lignification
 x - a potion of resistance
 B - 2 potions of degeneration
 D - a potion of cancellation
 G - a potion of ambrosia
Miscellaneous
 w - a condenser vane (inert)
 L - a lightning rod (3/4)


   Skills:
 - Level 10.4 Fighting
 - Level 10.3 Short Blades
 * Level 8.2(8.3) Axes
 - Level 1.8(5.4) Maces & Flails
 * Level 6.2 Armour
 - Level 8.1 Dodging
 - Level 7.0 Stealth
 - Level 10.1 Evocations


You had 12 spell levels left.
You didn't know any spells.
Your spell library contained the following spells:

 Spells                   Type           Power      Damage    Failure   Level
 Apportation              Tloc           0%         N/A       100%        1
 Necrotise                Necr           0%         1d4       100%        1
 Sandblast                Erth           0%         2d4       100%        1
 Summon Small Mammal      Summ           0%         N/A       100%        1
 Blink                    Tloc           0%         N/A       100%        2
 Conjure Flame            Conj/Fire      0%         6-21      100%        3
 Ignite Poison            Fire/Tmut/Pois 0%         N/A       100%        3
 Inner Flame              Hex/Fire       0%         N/A       100%        3
 Lesser Beckoning         Tloc           0%         N/A       100%        3
 Portal Projectile        Hex/Tloc       0%         N/A       100%        3
 Animate Armour           Summ/Erth      0%         N/A       100%        4
 Sticky Flame             Conj/Fire      0%         2d3       100%        4
 Blade Hands              Tmut           0%         N/A       100%        5
 Freezing Cloud           Conj/Ice/Air   0%         6-21      100%        5
 Summon Forest            Summ/Tloc      0%         N/A       100%        5
 Iron Shot                Conj/Erth      0%         9d1       100%        6
 Simulacrum               Ice/Necr       0%         N/A       100%        6
 Statue Form              Tmut/Erth      0%         N/A       100%        6


Dungeon Overview and Level Annotations

Branches:
Dungeon (14/15)            Temple (1/1) D:5            Lair (0/5) D:8
    Orc (2/2) D:11            Elf (0/3) Orc:2         Sewer (visited)
 Vaults: D:13-14

Altars:
Ashenzari
Cheibriados
Dithmenos
Fedhas
Gozag
Hepliaklqana
Makhleb
Nemelex Xobeh
Okawaru
Qazlal
Ru
Sif Muna
Trog
Vehumet
Wu Jian
Xom
Yredelemnul

Shops:
D:2 [   D:6 !   D:9 =   Orc:1 !   Orc:2 (!![[

Annotations:
D:3 1 runed translucent door, Crazy Yiuf
Temple 2 transporters
Orc:1 2 transporters


Innate Abilities, Weirdness & Mutations

You have very sharp fingernails.
You are partially covered in rugged brown scales. (AC +1, +3% HP)
A demonic guardian rushes to your aid.
Your demonic aura often causes spilled blood to erupt in flames.
Your flesh is cold resistant. (rC+)
You expend magic power (3 MP) to strengthen your wands.
[You are very clumsy. (Dex -4)]
[Armour fits poorly on your strangely shaped body.]
[Your body often deteriorates upon taking damage.]
[You are very dopey. (Int -4)]
[You are extremely frail. (-30% HP)]
[Your magical capacity is extremely low. (-30% MP)]
[You frequently scream uncontrollably at your foes.]
[((You are often teleported next to monsters.))]
[You are very weak. (Str -4)]
[Your spells are much easier to cast, but much less powerful.]
[You sometimes lose the ability to drink potions when taking damage.]


Message History

As you read the scroll of fog, it crumbles to dust.
The scroll dissolves into smoke.
The wretched star pulses with an eldritch light!
You feel clumsy. x2
Your ice devil twists and deforms.
Your ice devil hits the wretched star.
Your ice devil freezes the wretched star.
The wretched star resists.
A rakshasa comes into view.
It is wielding a +0 whip and wearing a +1 robe of cold resistance.
Your ice devil hits the wretched star!
Your ice devil freezes the wretched star!
The wretched star resists.
A smoke demon comes into view.
The neqoxec shouts!
The smoke demon roars!
The neqoxec gestures at you.
Strange energies course through your body.
You feel frail.
A starcursed mass comes into view.
The wretched star pulses with an eldritch light!
Your connection to magic feels nearly dormant.
As you read the scroll of fog, it crumbles to dust.
The scroll dissolves into smoke.
The small abomination attacks as you move away!
The small abomination hits you but does no damage.
The neqoxec attacks as you move away! The neqoxec hits you.
* * * LOW HITPOINT WARNING * * *
An orange demon comes into view.
The orange demon screeches!
The small abomination closely misses you.
Clouds of freezing vapour condense around you!
The condenser dries out!
You can drink potions again.
The small abomination closely misses you.
The orange demon is engulfed in freezing vapours.
Unknown command.
A lich comes into view.
The lich points at you and mumbles some strange words.
The bolt of cold hits you!!
You feel threatened and lose the ability to drink potions!
You die...

.# .##. #....
#... .#. ## #...
.. §§ ... L.###
.# #§ ...#
#..##.##. #§
#..##@..§§.## §§§
#§x##§#§..# # #
X#§4#§§3§§#..##*#
..§X####3§§§###X.
...##..§§#§§§..*#
......#§§§## .##
. .# #.. §.#..#
#...#..# #
...#..#####


You could see a lich and a small abomination.

Vanquished Creatures
  Snorg (D:13)
  Josephine (D:10)
  A hydra (D:12)
  4 two-headed ogres
  5 centaur warriors
  A tengu warrior (D:13)
  3 skeletal warriors
  Lodul (D:13)
  An orc knight (Orc:2)
  A deep elf pyromancer (D:12)
  16 ugly things
  2 manticores
  5 cyclopes
  2 unseen horrors
  6 trolls
  Grinder (D:5)
  A shadow (D:12)
  3 ynoxinuls
  6 wraiths
  4 yaks (D:10)
  2 wyverns
  Grum (D:8)
  A steam dragon (D:7)
  A basilisk (D:13)
  4 vampire mosquitoes (D:12)
  3 wargs
  An acid dragon (D:10)
  4 water moccasins
  4 ice beasts
  3 sky beasts
  28 orc warriors
  A black bear (D:8)
  15 ogres
  3 wolves (D:8)
  16 centaurs
  4 kobold brigands
  8 bullfrogs
  4 necrophages
  2 scorpions (D:7)
  3 gnoll sergeants
  2 wights
  4 killer bees (D:10)
  5 howler monkeys
  6 starcursed masses (Abyss:2)
  A hound (D:5)
  7 orc priests
  4 jellies
  A gnoll bouda (D:6)
  A quasit (Sewer)
  2 iguanas (D:4)
  3 orc wizards
  15 gnolls
  4 adders
  9 shadow imps
  3 white imps
  4 ufetubi
  An adder zombie (Sewer)
  A worm (D:3)
  3 dart slugs
  41 orcs
  8 bats
  11 endoplasms
  5 giant cockroaches
  10 goblins
  12 hobgoblins
  6 jackals (D:2)
  11 quokkas
  4 ball pythons
  3 frilled lizards
  21 kobolds
  A kobold zombie (Sewer)
  4 rats
386 creatures vanquished.

Vanquished Creatures (collateral kills)
  A centaur warrior (D:12)
  A skeletal warrior (D:13)
  A smoke demon (Abyss:3)
  A tormentor (Abyss:3)
  A troll (Orc:1)
  A yak (D:10)
  A neqoxec (Abyss:3)
  A large abomination (Abyss:3)
  An orc warrior (Orc:2)
  A centaur (D:13)
  An ogre (Orc:2)
  2 gnoll sergeants (D:13)
  A small abomination (Abyss:3)
  An iguana (D:6)
  An orc wizard (D:5)
  6 gnolls
  4 orcs
  A kobold (D:11)
27 creatures vanquished.

Vanquished Creatures (others)
  A two-headed ogre (Orc:2)
  2 centaurs (Orc:2)
  2 orc wizards (Orc:2)
  An adder zombie (Sewer)
  An orc (Orc:2)
  A giant cockroach zombie (Sewer)
  27 fungi (D:8)
  A lurking horror (Abyss:2)
  18 plants (D:8)
  11 starspawn tentacles
65 creatures vanquished.

Grand Total: 478 creatures vanquished

Notes
Turn   | Place    | Note
-------+----------+-------------------------------------------
     0 | D:1      | Newt the Demonspawn Artificer began the quest for the Orb.
     0 | D:1      | Reached XP level 1. HP: 15/15 MP: 1/1
   335 | D:1      | Gained mutation: A weak demonic guardian rushes to your
                  | aid. [demonic ancestry]
   335 | D:1      | Reached XP level 2. HP: 22/22 MP: 2/2
   680 | D:1      | Reached skill level 1 in Maces & Flails
  1096 | D:2      | Identified the +6 dagger "Pimor" {speed, *Corrode Fly rElec
                  | Dex+4}
  1250 | D:2      | Gained mutation: You have sharp fingernails. [demonic
                  | ancestry]
  1250 | D:2      | Reached XP level 3. HP: 16/27 MP: 3/3
  1584 | D:2      | Reached skill level 1 in Short Blades
  1756 | D:2      | Found Veorr's Antique Armour Shop.
  2524 | D:3      | Reached XP level 4. HP: 33/33 MP: 4/4
  2798 | D:3      | Found a snail-covered altar of Cheibriados.
  2799 | D:3      | Found a shimmering altar of Xom.
  2845 | D:3      | Found a sparkling altar of Nemelex Xobeh.
  2860 | D:3      | Noticed a bullfrog
  2870 | D:3      | Killed a bullfrog
  2871 | D:3      | Gained mutation: Your demonic aura sometimes causes spilled
                  | blood to erupt in flames. [demonic ancestry]
  2871 | D:3      | Reached XP level 5. HP: 36/38 MP: 5/5
  3042 | D:3      | Got Bube's Tome of Terrestrial Peregrination
  3173 | D:3      | Found a runed translucent door.
  3174 | D:3      | Noticed Crazy Yiuf
  3689 | D:4      | Noticed an ogre
  3694 | D:4      | Killed an ogre
  3695 | D:4      | Gained mutation: A demonic guardian rushes to your aid.
                  | [demonic ancestry]
  3695 | D:4      | Reached XP level 6. HP: 44/44 MP: 6/6
  3982 | D:4      | Reached skill level 5 in Short Blades
  4291 | D:5      | Entered Level 5 of the Dungeon
  4291 | D:5      | Noticed an ice beast
  4302 | D:5      | Killed an ice beast
  4487 | D:5      | Noticed Grinder
  4489 | D:5      | Paralysed by Grinder for 3 turns
  4495 | D:5      | Killed Grinder
  4496 | D:5      | Gained mutation: You are partially covered in rugged brown
                  | scales. (AC +1, +3% HP) [demonic ancestry]
  4496 | D:5      | Reached XP level 7. HP: 39/51 MP: 5/7
  4516 | D:5      | Reached skill level 1 in Dodging
  4707 | D:5      | Found a staircase to the Ecumenical Temple.
  4835 | Temple   | Entered the Ecumenical Temple
  4835 | Temple   | Found a transporter.
  4835 | Temple   | Found a transporter.
  4837 | Temple   | Found a transporter.
  4837 | Temple   | Found a transporter.
  4852 | Temple   | Became a worshipper of Dithmenos the Shadowed
  4894 | D:5      | Found a glowing drain.
  4915 | Sewer    | Entered a sewer
  5199 | Sewer    | Found a burning altar of Makhleb.
  5639 | Sewer    | Reached * piety under Dithmenos
  5649 | Sewer    | Reached XP level 8. HP: 34/59 MP: 5/8
  6763 | D:6      | Got the Discursus on Wintry Execration
  6779 | D:6      | Found Ugah's Distillery.
  6791 | D:6      | Reached skill level 5 in Dodging
  6821 | D:6      | Bought a potion of berserk rage for 60 gold pieces
  6821 | D:6      | Bought a potion of heal wounds for 60 gold pieces
  6821 | D:6      | Bought a potion of might for 48 gold pieces
  7414 | D:6      | Reached skill level 5 in Fighting
  7577 | D:6      | Reached XP level 9. HP: 57/70 MP: 6/9
  7913 | D:7      | Killed an unseen horror
  8115 | D:7      | Reached ** piety under Dithmenos
  9027 | D:8      | Found a staircase to the Lair.
  9329 | D:8      | Noticed Grum
  9361 | D:8      | Reached XP level 10. HP: 40/81 MP: 4/10
  9568 | D:8      | Killed Grum
  9630 | D:8      | Noticed a two-headed ogre
  9637 | D:8      | Killed a two-headed ogre
 10232 | D:9      | Found Ramogus's Jewellery Emporium.
 10404 | D:9      | Reached skill level 1 in Stealth
 10532 | D:9      | Noticed a faun
 10553 | D:9      | Noticed a shock serpent
 10559 | D:9      | Noticed a wolf spider
 10578 | D:10     | Entered Level 10 of the Dungeon
 10785 | D:10     | Noticed a two-headed ogre
 10795 | D:10     | Killed a two-headed ogre
 10858 | D:10     | Noticed Josephine
 10879 | D:10     | Killed Josephine
 10934 | D:10     | Gained mutation: You have very sharp fingernails. [demonic
                  | ancestry]
 10934 | D:10     | Reached XP level 11. HP: 76/88 MP: 6/11
 11794 | D:10     | Found a shimmering blue altar of Sif Muna.
 11803 | D:10     | Got Sif Muna's Discourse on the Tesseract
 11808 | D:10     | Found a bloodstained altar of Trog.
 11817 | D:10     | Reached *** piety under Dithmenos
 11979 | D:11     | Found a staircase to the Orcish Mines.
 12091 | D:11     | Identified the +0 ring mail of Eqerrien {rCorr}
 12428 | D:12     | Noticed a red ugly thing
 12433 | D:12     | Killed a red ugly thing
 12442 | D:12     | Noticed a six-headed hydra
 12460 | D:12     | Killed a six-headed hydra
 12461 | D:12     | Reached skill level 10 in Short Blades
 12524 | D:12     | Noticed a red ugly thing
 12531 | D:12     | Killed a red ugly thing
 12697 | D:12     | Noticed a deep elf pyromancer
 12706 | D:12     | Killed a deep elf pyromancer
 12733 | D:12     | Reached skill level 10 in Fighting
 12823 | D:12     | Noticed a two-headed ogre
 12828 | D:12     | Killed a two-headed ogre
 12829 | D:12     | Reached skill level 5 in Evocations
 13004 | D:13     | Noticed a skeletal warrior
 13006 | D:13     | Noticed a skeletal warrior
 13054 | D:12     | Killed a skeletal warrior
 13125 | D:13     | Noticed a centaur warrior
 13203 | D:12     | Killed a centaur warrior
 13204 | D:12     | Reached XP level 12. HP: 65/99 MP: 8/12
 13299 | D:13     | Reached **** piety under Dithmenos
 13372 | D:13     | Noticed a two-headed ogre
 13386 | D:13     | Killed a two-headed ogre
 13585 | D:13     | Noticed a tengu warrior
 13614 | D:13     | Killed a tengu warrior
 13759 | D:13     | Noticed Snorg
 13770 | D:13     | Killed Snorg
 13794 | D:13     | Noticed Lodul
 13830 | D:13     | Gained mutation: You sometimes lose your temper in combat.
                  | [potion of mutation]
 13830 | D:13     | Gained mutation: You are somewhat resistant to further
                  | mutation. [potion of mutation]
 13831 | D:13     | Lost mutation: You are somewhat resistant to further
                  | mutation. [potion of mutation]
 13831 | D:13     | Lost mutation: You sometimes lose your temper in combat.
                  | [potion of mutation]
 13831 | D:13     | Gained mutation: [You are dopey. (Int -2)] [potion of
                  | mutation]
 13831 | D:13     | Gained mutation: You have a beak for a mouth. [potion of
                  | mutation]
 13832 | D:13     | Lost mutation: [You are dopey. (Int -2)] [potion of
                  | mutation]
 13832 | D:13     | Lost mutation: You have a beak for a mouth. [potion of
                  | mutation]
 13832 | D:13     | Gained mutation: You expend magic power (3 MP) to
                  | strengthen your wands. [potion of mutation]
 13832 | D:13     | Gained mutation: Your flesh is cold resistant. (rC+)
                  | [potion of mutation]
 13854 | D:13     | Killed Lodul
 13962 | D:13     | Reached skill level 10 in Evocations
 14236 | Orc:1    | Entered Level 1 of the Orcish Mines
 14340 | Orc:1    | Found a transporter.
 14344 | Orc:1    | Noticed an orc high priest
 14344 | Orc:1    | Noticed a two-headed ogre
 14344 | Orc:1    | Noticed a two-headed ogre
 14345 | Orc:1    | Noticed an orc warlord
 14346 | Orc:1    | Noticed a two-headed ogre
 14346 | Orc:1    | Noticed a stone giant
 14347 | Orc:1    | Found a transporter.
 14369 | Orc:2    | Entered Level 2 of the Orcish Mines
 14696 | Orc:2    | Noticed an orc warlord
 14697 | Orc:2    | Found Ugokuewn's Armour Emporium.
 14739 | Orc:2    | Noticed a centaur warrior
 14762 | Orc:2    | Found a staircase to the Elven Halls.
 14794 | Orc:2    | Reached skill level 1 in Axes
 14860 | Orc:2    | Killed a centaur warrior
 14891 | Orc:2    | HP: 5/148 [orc warrior/bolt[an orc warlord] (9)]
 14990 | Orc:1    | Found Luajequ's Distillery.
 15005 | Orc:1    | Bought a potion of haste for 110 gold pieces
 16022 | Orc:2    | Noticed a two-headed ogre
 16034 | Orc:2    | Killed a two-headed ogre
 16375 | Orc:2    | Reached skill level 5 in Axes
 16736 | Orc:2    | Found Koestocse's Distillery.
 16736 | Orc:2    | Found Elaus's Distillery.
 16738 | Orc:2    | Found Azeol's Antique Armour Boutique.
 16740 | Orc:2    | Found Xeclegebb's Antique Weapon Shoppe.
 16747 | Orc:2    | Bought a potion of might for 60 gold pieces
 16747 | Orc:2    | Bought a potion of cancellation for 120 gold pieces
 16747 | Orc:2    | Bought a potion of ambrosia for 120 gold pieces
 16747 | Orc:2    | Bought a potion of heal wounds for 75 gold pieces
 16747 | Orc:2    | Bought a potion of might for 60 gold pieces
 16750 | Orc:2    | Bought a runed cloak for 232 gold pieces
 16750 | Orc:2    | Bought a pitted helmet for 294 gold pieces
 16750 | Orc:2    | Identified the -1 helmet of Forking Paths {rF- rN+ Dex+4}
                  | (You bought it in a shop on level 2 of the Orcish Mines)
 16775 | Orc:2    | Bought a jet-encrusted chain mail for 294 gold pieces
 16775 | Orc:2    | Identified the +0 chain mail "Leilu" {rElec} (You bought it
                  | in a shop on level 2 of the Orcish Mines)
 16826 | Orc:2    | Gained mutation: Your demonic aura often causes spilled
                  | blood to erupt in flames. [demonic ancestry]
 16826 | Orc:2    | Reached XP level 13. HP: 107/107 MP: 13/13
 17361 | D:13     | Found a shimmering blue altar of Sif Muna.
 18104 | D:14     | Found a shadowy altar of Dithmenos.
 18323 | D:14     | Reached skill level 5 in Armour
 18639 | D:14     | Noticed an ironbound preserver
 19153 | Abyss:2  | Cast into level 2 of the Abyss (a wizard)
 19247 | Abyss:2  | Noticed a starcursed mass
 19292 | Abyss:2  | Noticed a tentacled starspawn
 19309 | Abyss:2  | Noticed a tentacled starspawn
 19314 | Abyss:2  | Noticed a bone dragon
 19322 | D:14     | Escaped the Abyss
 19354 | Abyss:3  | Found a corrupted altar of Lugonu.
 19354 | Abyss:3  | Cast into level 3 of the Abyss (a wizard)
 19374 | Abyss:3  | Noticed a white very ugly thing
 19396 | Abyss:3  | Found a corrupted altar of Lugonu.
 19486 | Abyss:3  | Noticed a tentacled starspawn
 19512 | Abyss:3  | HP: 1/86 [wretched star/lance of force (10)]
 19529 | Abyss:3  | Gained mutation: [You are extremely frail. (-30% HP)] [a
                  | neqoxec]
 19530 | Abyss:3  | Noticed a starcursed mass
 19535 | Abyss:3  | HP: 3/75 [neqoxec (3)]
 19537 | Abyss:3  | Noticed a lich
 19537 | Abyss:3  | Killed from afar by a lich

Illustrated notes

Levels and vault maps discovered:
D:1:      amcnicky_arrival_blooded_trapdoor, layout_loops_ring, minmay_cupped
D:2:      layout_loops_ring, serial_co_window_serial, co_window_paths_a,
          co_window_corner_a, co_window_paths_a, co_window_paths_b,
          co_window_corner_a, co_window_of_opportunity_a, co_window_broadway_c,
          co_window_2corner, co_window_corner_b, co_window_corner_b,
          co_window_2corner, co_window_of_opportunity_b, co_window_paths_e,
          glass_columns_a, glass_columns_a, glass_columns_a, serial_shops, shop,
          nrook_campfire
D:3:      layout_loops_corners, nicolae_overflow_squiral,
          mainiacjoe_overflow_catwalk, minmay_mini_jars, uniq_crazy_yiuf_cottage
D:4:      layout_cave_pools
D:5:      layout_rooms, minmay_temple_entry_antechambers, portal_sewer_entry_f,
          uniq_grinder
D:6:      layout_loops_ring, serial_shops, shop
D:7:      layout_loops_cross
D:8:      layout_gridville, due_lair_maze_entry_diamond,
          amcnicky_mini_corridor_feature, uniq_grum
D:9:      nicolae_cairo_tiling_large_dashed, layout_basic, serial_shops,
          nicolae_shop_waterfront, chequers_serial_rivers_small_a,
          grunt_decor_junction, roderic_serpentine_path,
          eino_small_chamber_without_monster, minmay_bent
D:10:     layout_cross, nzn_overflow_gifts_of_might_and_magic, uniq_josephine
D:11:     layout_roguey, erik_orc_4
D:12:     layout_rooms
D:13:     layout_gridville, led_sif_pool, uniq_lodul, uniq_snorg
D:14:     layout_roguey, skrybe_vaults_entry_preservation,
          hangedman_abyss_or_decor_stagger, nicolae_dithmenos_the_darkroom
Temple:   hellmonk_temple_divided_pantheon
Orc:1:    gammafunk_beogh_shrine, layout_caves, serial_shops, shop
Orc:2:    st_orc_rangers, layout_caves, basic_altar, serial_shops, shop
Abyss:3:  base: Temple, hangedman_classic_abyss_death,
          evilmike_abyss_exit_mutagenic

Skill      XL: |  1  2  3  4  5  6  7  8  9 10 11 12 13 |
---------------+----------------------------------------+-----
Fighting       | 2 3 5 7 8 10 | 10.4
Maces & Flails | 1 |  1.8
Short Blades   | 1 3 4 6 7 8 9 10 | 10.3
Dodging        | 3 5 7 8 |  8.1
Stealth        | 6 7 |  7.0
Evocations     | 6 10 | 10.1
Armour         | 2 6 |  6.2
Axes           | 5 8 |  8.2

Action                   |  1- 3 |  4- 6 |  7- 9 | 10-12 | 13-15 || total
-------------------------+-------+-------+-------+-------+-------++-------
Melee: Club              |   111 |       |       |       |       ||   111
       Punch             |     2 |     1 |     8 |    17 |       ||    28
       Dagger            |    47 |   112 |   497 |  1085 |       ||  1741
       Battleaxe         |       |       |       |    38 |    98 ||   136
Invok: Shadow Step       |       |       |       |     5 |     6 ||    11
Evoke: Wand              |     2 |    11 |    14 |    23 |    18 ||    68
       Lightning rod     |       |       |       |     6 |     3 ||     9
       Condenser vane    |       |       |       |       |     1 ||     1
  Use: Scroll            |     7 |     8 |     9 |    11 |     5 ||    40
       Potion            |       |       |     3 |    23 |     4 ||    30
 Stab: Sleeping          |       |     2 |       |    11 |       ||    13
       Betrayed ally     |       |       |     1 |       |       ||     1
       Paralysed         |       |       |     1 |     2 |       ||     3
       Distracted        |       |       |       |     4 |       ||     4
Armor: Leather armour    |    19 |       |       |       |       ||    19
       Ring mail         |    52 |    31 |   100 |    49 |       ||   232
       Skin              |       |       |       |    95 |       ||    95
       Troll leather arm |       |       |       |   128 |       ||   128
       Plate armour      |       |       |       |     3 |   112 ||   115
Dodge: Dodged            |    96 |    28 |   197 |   617 |    90 ||  1028

Table legend: (Time is in decaauts)
 A = Elapsed time spent in this place.
 B = Non-inter-level travel time spent in this place.
 C = Inter-level travel time spent in this place.
 D = Time resting spent in this place.
 E = Time spent auto-exploring this place.
 F = Levels seen in this place.
 G = Mean time per level.
                   A        B        C        D        E       F      G
               +--------+--------+--------+--------+--------+-----+--------+
         Total |  18594 |  17594 |   1000 |   4684 |   8966 |  20 |  929.7 |
       Dungeon |  14532 |  13961 |    571 |   3428 |   7944 |  14 | 1038.0 |
        Temple |     30 |      9 |     21 |      0 |      1 |   1 |   30.0 |
  Orcish Mines |   2567 |   2160 |    407 |    552 |    674 |   2 | 1283.5 |
         Abyss |    358 |    358 |      0 |    111 |      0 |   2 |  179.0 |
         Sewer |   1105 |   1105 |      0 |    593 |    347 |   1 | 1105.0 |
               +--------+--------+--------+--------+--------+-----+--------+

Top non-repeatable levels by time:
    D:14: 1798 daAuts
   Orc:1: 1571 daAuts
     D:6: 1399 daAuts
     D:2: 1321 daAuts
    D:10: 1265 daAuts
     D:3: 1184 daAuts
     D:7: 1161 daAuts
    D:13: 1136 daAuts
   Sewer: 1105 daAuts
     D:1: 1103 daAuts
     D:8: 1079 daAuts
   Orc:2: 995 daAuts
     D:5: 843 daAuts
    D:12: 752 daAuts
     D:4: 647 daAuts
